 Dungeon Crawl Stone Soup version 0.23.0 (webtiles) character file.

Game seed: 15660143989381081938

8276 Borgoz the Covert (level 11, 0/72 HPs)
             Began as a Kobold Assassin on Feb 17, 2019.
             Was a Priest of Dithmenos.
             Killed from afar by a manticore (12 damage)
             ... with a volley of spikes
             ... on level 11 of the Dungeon.
             The game lasted 00:16:44 (9717 turns).

Borgoz the Covert (Kobold Assassin)                 Turns: 9717, Time: 00:16:45

Health: 0/72       AC:  6    Str: 10    XL:     11   Next: 52%
Magic:  0/11       EV: 22    Int: 13    God:    Dithmenos [***...]
Gold:   539        SH:  0    Dex: 18    Spells: 10/10 levels left

rFire    . . .     SeeInvis +   a - +3 rapier (elec)
rCold    . . .     Gourm    .   (shield restricted)
rNeg     . . .     Faith    .   j - +0 leather armour
rPois    .         Spirit   +   (no helmet)
rElec    .         Reflect  .   A - scarf {Spirit}
rCorr    .         Harm     .   x - +2 pair of gloves
MR       .....                  (no boots)
Stlth    ++++......             (no amulet)
HPRegen  0.22/turn              u - ring of stealth
MPRegen  0.12/turn              B - ring of see invisible

@: confused, barbed spikes, wreathed by umbra
A: small, carnivore
a: Shadow Step, Renounce Religion


You were on level 11 of the Dungeon.
You worshipped Dithmenos.
Dithmenos was most pleased with you.
You were very full.

You visited 2 branches of the dungeon, and saw 12 of its levels.

You collected 539 gold pieces.

Inventory:

Hand Weapons
 a - a +3 rapier of electrocution (weapon)
 b - a +2 blowgun
 K - a +4 quarterstaff of chaos
Missiles
 e - 33 poisoned needles
 f - 2 curare-tipped needles
 t - 17 tomahawks (quivered)
 O - 4 silver tomahawks
Armour
 c - a +1 cloak of poison resistance
 j - a +0 leather armour (worn)
 x - a +2 pair of gloves (worn)
 A - a scarf of spirit shield (worn)
 H - a +0 shield
Jewellery
 p - a +1 ring of evasion
 u - a ring of stealth (left hand)
 B - a ring of see invisible (right hand)
 G - a +3 ring of intelligence
 M - an uncursed amulet of magic regeneration {unknown}
Wands
 J - a wand of enslavement (9)
Scrolls
 d - 2 scrolls of fog
 h - 3 scrolls of identify
 i - 8 scrolls of remove curse
 q - 3 scrolls of teleportation
 w - a scroll of summoning
 y - 2 scrolls of blinking
 I - 4 scrolls of enchant armour
 P - a scroll of magic mapping
Potions
 k - 3 potions of lignification
 l - a potion of cancellation
 n - a potion of mutation
 o - 2 potions of curing
 r - a potion of agility
 s - 2 potions of brilliance
 v - a potion of might
 z - a potion of magic
 C - a potion of haste
 D - 2 potions of flight {unknown}
 E - a potion of resistance {unknown}
 F - a potion of berserk rage {unknown}
 L - a potion of invisibility {unknown}
Comestibles
 g - 15 rations
 N - 4 chunks of flesh


   Skills:
 + Level 9.7 Fighting
 + Level 11.3 Short Blades
 - Level 2.1 Throwing
 + Level 10.2 Dodging
 + Level 12.9 Stealth


You had 10 spell levels left.
You didn't know any spells.
Your spell library contained the following spells:

 Spells                   Type           Power        Failure   Level  Hunger
 Magic Dart               Conj           #...         38%         1    ##.....
 Searing Ray              Conj           #.....       54%         2    ###....
 Dazzling Spray           Conj/Hex       #.....       77%         3    ####...
 Force Lance              Conj/Tloc      #.......     99%         4    #####..
 Fulminant Prism          Conj/Hex       #.........   99%         4    #####..
 Iskenderun's Mystic Bla  Conj           #.......     99%         4    #####..


Dungeon Overview and Level Annotations

Branches:
Dungeon (11/15)            Temple (1/1) D:5            Lair (0/6) D:8
    Orc: D:9-12

Altars:
Ashenzari
Cheibriados
Dithmenos
Elyvilon
Fedhas
Gozag
Hepliaklqana
Kikubaaqudgha
Makhleb
Nemelex Xobeh
Okawaru
Qazlal
Ru
Sif Muna
Trog
Uskayaw
Vehumet
Wu Jian
Xom
Yredelemnul
Zin
The Shining One

Shops:
D:10 :


Innate Abilities, Weirdness & Mutations

You are small and have problems with some larger weapons.
You are carnivorous and can eat meat at any time.


Message History

The manticore flicks its tail.
The volley of spikes hits you!!
The barbed spikes become lodged in your body.
A manticore is nearby!
The barbs in your skin will harm you if you move.
Continue?
Okay, then.
The manticore flicks its tail.
The volley of spikes hits you!!
The barbed spikes become lodged in your body.
* * * LOW HITPOINT WARNING * * *
The manticore flicks its tail.
The volley of spikes hits you!
The barbed spikes become lodged in your body.
* * * LOW HITPOINT WARNING * * *
You are confused.
You feel invigorated.
The manticore flicks its tail.
The volley of spikes hits you!!
The barbed spikes become lodged in your body.
You die...

.................:..
........................
.........................
..............(...........
..........................
................. ......
.................
........†.......
....H...@# ####....#
...####....#####
.................
.................
.........>.......
#...###...####### #..
#...# #. #...#


You could see a manticore.

Vanquished Creatures
  2 two-headed ogres
  Joseph (D:7)
  A gargoyle (D:11)
  A troll (D:9)
  Grinder (D:4)
  A hippogriff (D:10)
  9 yaks
  Eustachio (D:4)
  A human (D:7)
  4 hogs (D:7)
  Duvessa (D:6)
  3 orc warriors (D:10)
  An ice beast (D:10)
  3 phantoms
  2 sky beasts
  4 ogres
  3 centaurs
  2 bullfrogs
  Dowan (D:6)
  A wyvern skeleton (D:9)
  A scorpion (D:6)
  A water moccasin skeleton (D:5)
  8 killer bees
  2 electric eels (D:8)
  3 howler monkeys (D:7)
  3 crimson imps
  A bullfrog zombie (D:10)
  3 centaur skeletons
  6 hounds
  3 orc wizards
  Crazy Yiuf (D:7)
  2 bullfrog skeletons
  4 jellies
  An orc priest (D:10)
  3 iguanas
  Terence (D:2)
  7 worker ants
  A hound skeleton (D:10)
  3 gnolls (D:5)
  12 adders
  2 shadow imps
  2 oozes
  A worm (D:4)
  A dart slug (D:1)
  2 leopard geckos
  42 orcs
  A ball python (D:3)
  3 giant cockroaches
  6 goblins
  7 hobgoblins
  11 jackals
  3 kobolds
  7 quokkas
  5 bats
  2 frilled lizards
  2 jackal skeletons
  A leopard gecko skeleton (D:4)
  2 quokka skeletons
  6 rats (D:1)
  A spectral orc (D:8)
216 creatures vanquished.

Notes
Turn   | Place    | Note
-------+----------+-------------------------------------------
     0 | D:1      | Borgoz the Kobold Assassin began the quest for the Orb.
     0 | D:1      | Reached XP level 1. HP: 12/12 MP: 1/1
   175 | D:1      | Reached XP level 2. HP: 12/18 MP: 2/2
   674 | D:1      | Reached XP level 3. HP: 22/22 MP: 3/3
  1617 | D:2      | Noticed Terence
  1661 | D:2      | Killed Terence
  1661 | D:2      | Reached skill level 6 in Stealth
  1661 | D:2      | Reached XP level 4. HP: 17/28 MP: 4/4
  2525 | D:3      | Reached XP level 5. HP: 26/32 MP: 5/5
  2589 | D:3      | Found a sacrificial altar of Ru.
  3063 | D:4      | Noticed Grinder
  3069 | D:4      | Paralysed by Grinder for 3 turns
  3094 | D:4      | Paralysed by Grinder for 3 turns
  3128 | D:4      | Killed Grinder
  3128 | D:4      | Reached skill level 5 in Short Blades
  3128 | D:4      | Reached skill level 7 in Stealth
  3128 | D:4      | Reached XP level 6. HP: 28/38 MP: 6/6
  3128 | D:4      | Reached XP level 7. HP: 32/43 MP: 7/7
  3165 | D:4      | Noticed Eustachio
  3202 | D:4      | Killed Eustachio
  3608 | D:4      | Found a white marble altar of Elyvilon.
  4105 | D:5      | Entered Level 5 of the Dungeon
  4105 | D:5      | Found a staircase to the Ecumenical Temple.
  4110 | Temple   | Entered the Ecumenical Temple
  4260 | Temple   | Became a worshipper of Dithmenos the Shadowed
  4290 | D:5      | Reached skill level 5 in Fighting
  4290 | D:5      | Reached skill level 5 in Dodging
  4290 | D:5      | Reached skill level 8 in Stealth
  4290 | D:5      | Reached XP level 8. HP: 49/49 MP: 8/8
  5000 | D:6      | Found a shimmering altar of Xom.
  5045 | D:6      | Found a snail-covered altar of Cheibriados.
  5046 | D:6      | Found a shattered altar of Ashenzari.
  5046 | D:6      | Found an opulent altar of Gozag.
  5091 | D:6      | Noticed Dowan
  5091 | D:6      | Noticed Duvessa
  5092 | D:6      | Found a glowing silver altar of Zin.
  5102 | D:6      | Killed Duvessa
  5107 | D:6      | Killed Dowan
  5182 | D:6      | Found a hide-covered altar of Uskayaw.
  5257 | D:6      | Reached skill level 9 in Stealth
  5280 | D:6      | Reached XP level 9. HP: 55/55 MP: 9/9
  5382 | D:6      | Reached * piety under Dithmenos
  5719 | D:7      | Found a runed translucent door.
  5720 | D:7      | Noticed Crazy Yiuf
  5826 | D:7      | Noticed Joseph
  6028 | D:7      | Reached skill level 10 in Stealth
  6233 | D:7      | Reached ** piety under Dithmenos
  6400 | D:7      | Killed Joseph
  6516 | D:7      | Reached XP level 10. HP: 63/63 MP: 10/10
  6536 | D:7      | Reached skill level 11 in Stealth
  6724 | D:7      | Killed Crazy Yiuf
  7226 | D:8      | Noticed a two-headed ogre
  7247 | D:8      | Killed a two-headed ogre
  7247 | D:8      | Reached skill level 10 in Short Blades
  7556 | D:8      | Found a basalt altar of Yredelemnul.
  7636 | D:8      | Found a staircase to the Lair.
  7746 | D:8      | Found a sparkling altar of Nemelex Xobeh.
  7966 | D:9      | Noticed a two-headed ogre
  7973 | D:9      | Killed a two-headed ogre
  7997 | D:9      | Reached skill level 12 in Stealth
  7997 | D:9      | Reached XP level 11. HP: 53/69 MP: 7/11
  8718 | D:10     | Entered Level 10 of the Dungeon
  8786 | D:10     | Reached *** piety under Dithmenos
  8791 | D:10     | Found Piaczaph's Book Emporium.
  9424 | D:11     | Reached skill level 10 in Dodging
  9503 | D:11     | Noticed a red ugly thing
  9687 | D:11     | Noticed a manticore
  9717 | D:11     | Killed from afar by a manticore

Skill      XL: |  1  2  3  4  5  6  7  8  9 10 11 |
---------------+----------------------------------+-----
Short Blades   | 3 5 6 7 8 10 11 | 11.3
Dodging        | 2 4 5 6 7 9 10 | 10.2
Fighting       | 3 4 5 6 7 8 9 |  9.7
Stealth        | 6 7 8 9 10 12 | 12.9
Throwing       | |  2.1

Action                   |  1- 3 |  4- 6 |  7- 9 | 10-12 || total
-------------------------+-------+-------+-------+-------++-------
Melee: Dagger            |   141 |   136 |    14 |       ||   291
       Rapier            |       |       |   283 |   281 ||   564
 Fire: Blowgun           |     3 |     4 |     6 |     4 ||    17
  Use: Scroll            |    11 |     3 |     7 |     8 ||    29
       Potion            |       |     2 |     2 |     1 ||     5
 Stab: Sleeping          |    10 |     9 |    19 |    22 ||    60
       Distracted        |       |       |     2 |       ||     2
  Eat: Chunk             |    11 |     4 |    11 |    10 ||    36
Armor: Leather armour    |    20 |    25 |    43 |    19 ||   107
       Robe              |     4 |       |       |       ||     4
Dodge: Dodged            |    89 |    78 |   215 |   240 ||   622
